 Dungeon Crawl Stone Soup version 0.31.0-11-ge490571c62 (webtiles) character file.

Game seed: 16388212538134444629

1237 qw the Skirmisher (level 8, -10/42 HPs)
             Began as a Spriggan Hunter on Feb 4, 2024.
             Mangled by a gnoll sergeant
             ... wielding a +1 spear of freezing
              (12 damage)
             ... on level 5 of the Dungeon.
             The game lasted 00:01:46 (3534 turns).

qw the Skirmisher (Spriggan Hunter)                 Turns: 3534, Time: 00:01:47

Health: -10/42     AC:  2    Str:  7    XL:     8   Next: 24%
Magic:  9/9        EV: 23    Int: 11    God:
Gold:   216        SH:  0    Dex: 20    Spells: 7/7 levels left

rFire   + . .        a - +1 shortbow (freeze)
rCold   + . .        (shield currently unavailable)
rNeg    + . .        c - +0 robe
rPois   .            (helmet restricted)
rElec   .            i - scarf {rC+ rF+}
rCorr   +            (gloves unavailable)
SInv    +            (boots unavailable)
Will    +....        (no amulet)
Stlth   ++           b - ring of Kafuli {rN+ rCorr}
HPRegen 0.27/turn    (no ring)
MPRegen 0.11/turn

%: no passive effects
@: about to teleport, very quick
A: very small, no large weapons, unfitting armour, see invisible, speed 3
a: no special abilities


You were on level 5 of the Dungeon.
You visited 1 branch of the dungeon, and saw 5 of its levels.

You collected 216 gold pieces.


Innate Abilities, Weirdness & Mutations

You are very small and have problems with some larger weapons.
You are too small for most types of armour.
You have supernaturally acute eyesight. (SInv)
You cover ground extremely quickly. (Speed+++)


   Skills:
 - Level 3.7 Fighting
 - Level 8.2 Ranged Weapons
 + Level 7.7 Dodging
 - Level 1.5 Stealth


You had 7 spell levels left.
You didn't know any spells.
Your spell library was empty.

Inventory:

Hand Weapons
 a - a +1 shortbow of freezing (weapon)
Armour
 c - a +0 robe (worn)
 i - a scarf of resistance (worn)
Jewellery
 b - the ring of Kafuli (left hand) {rN+ rCorr}
   (You found it on level 2 of the Dungeon)

   [ring of positive energy]

   rN+:       It protects you from negative energy.
   rCorr:     It protects you from acid and corrosion.
Wands
 j - a wand of flame (16)
 m - a wand of paralysis (3)
Potions
 e - a potion of heal wounds
 f - a potion of might
 g - a potion of curing {unknown}
 h - a potion of magic {unknown}
 k - a potion of ambrosia {unknown}
 n - a potion of enlightenment
 p - a potion of haste {unknown}

Dungeon Overview and Level Annotations

Branches:
Dungeon (5/15)
 Temple: D:4-7

Altars:
Elyvilon
Fedhas
Zin


Message History

The gnoll sergeant is heavily wounded.
The gnoll sergeant completely misses you.
You shoot an arrow. The arrow hits the gnoll sergeant.
The arrow freezes the gnoll sergeant.
The gnoll sergeant is severely wounded.
The gnoll sergeant misses you.
You shoot an arrow.
The arrow hits the gnoll sergeant but does no damage.
The gnoll sergeant is severely wounded.
The gnoll sergeant barely misses you.
You shoot an arrow.
The arrow barely misses the gnoll sergeant.
You hear a shout!
The gnoll sergeant closely misses you.
You shoot an arrow. The gnoll sergeant blocks the arrow.
The gnoll sergeant closely misses you.
You shoot an arrow.
The arrow hits the gnoll sergeant but does no damage.
The gnoll sergeant is severely wounded.
The gnoll closely misses you.
The gnoll sergeant hits you from afar with a +1 spear of freezing!
The gnoll sergeant freezes you.
You shoot an arrow. The gnoll sergeant blocks the arrow.
The gnoll misses you. The gnoll sergeant closely misses you.
You shoot an arrow.
The arrow barely misses the gnoll sergeant.
The gnoll completely misses you. The gnoll sergeant misses you.
You shoot an arrow. The gnoll sergeant blocks the arrow.
The gnoll hits you from afar with a +0 spear.
The gnoll sergeant closely misses you.
You shoot an arrow.
The arrow barely misses the gnoll sergeant.
The gnoll sergeant hits you but does no damage.
The gnoll hits you from afar with a +0 spear.
3534 ||| READING scroll of teleportation.
As you read the scroll of teleportation, it crumbles to dust.
You feel strangely unstable.
The gnoll hits you from afar with a +0 spear!
The gnoll sergeant hits you from afar with a +1 spear of freezing!
You die...

#..#####...#
...........#
#..#####.#.# .
#........#.#####.. ..
#.######......... ..
#............####.#)#
...............)....
#####...##...####g#.###
#...##...g.@.......
...............#.###
##########.###### #.#
#.# #.# #.# #.# #.#


You could see a gnoll sergeant and a gnoll.

Vanquished Creatures
  Grinder (D:3)
  Sigmund (D:3)
  Eustachio (D:4)
  2 ogres (D:4)
  A scorpion (D:4)
  A howler monkey (D:4)
  A bombardier beetle (D:3)
  3 hounds
  An orc priest (D:4)
  Ijyb (D:4)
  Natasha (twice) (D:3)
  Terence (D:2)
  2 orc wizards (D:4)
  Robin (D:3)
  2 gnolls (D:5)
  An adder (D:2)
  2 ufetubi (D:5)
  2 ribbon worms (D:2)
  20 orcs
  7 ball pythons
  2 bats
  7 endoplasms
  4 giant cockroaches
  11 goblins
  9 hobgoblins
  9 jackals
  5 quokkas
  3 frilled lizards
  6 kobolds
  8 rats
117 creatures vanquished.

Notes
Turn   | Place    | Note
-------+----------+-------------------------------------------
     0 | D:1      | qw the Spriggan Hunter began the quest for the Orb.
     0 | D:1      | Reached XP level 1. HP: 10/10 MP: 2/2
     0 | D:1      | 0 ||| qw: Version: 0.3-a-160-g6735b56
     0 | D:1      | 0 ||| qw: Game counter: 6012
     0 | D:1      | 0 ||| qw: Melee chars always use a shield: true
     0 | D:1      | 0 ||| qw: God list: Okawaru
     0 | D:1      | 0 ||| qw: Allow faded altars: false
     0 | D:1      | 0 ||| qw: Do Orc after clearing Dungeon:15 true
     0 | D:1      | 0 ||| qw: Do second Lair branch before Depths: true
     0 | D:1      | 0 ||| qw: Lair rune preference: random
     0 | D:1      | 0 ||| qw: Goals: Normal
     0 | D:1      | 0 ||| PLANNING D:1-11
    49 | D:1      | Reached skill level 3 in Dodging
    83 | D:1      | Reached XP level 2. HP: 13/14 MP: 3/3
   252 | D:1      | You fall into a shaft and drop 1 floor!
   347 | D:2      | Found a faded altar of an unknown god.
   358 | D:2      | 358 ||| UPGRADING to scarf of resistance.
   363 | D:2      | 363 ||| READING scroll labelled COELET ONUABIR.
   363 | D:2      | 363 ||| ENCHANTING +0 shortbow.
   364 | D:2      | 364 ||| DROPPING scroll of butterflies.
   521 | D:1      | Reached XP level 3. HP: 17/18 MP: 4/4
   823 | D:2      | Identified the ring of Kafuli {rN+ rCorr}
   845 | D:2      | Noticed Terence
   860 | D:2      | Killed Terence
   861 | D:2      | Reached skill level 5 in Ranged Weapons
   862 | D:2      | Reached XP level 4. HP: 10/22 MP: 5/5
  1039 | D:2      | Found a glowing silver altar of Zin.
  1324 | D:2      | 1324 ||| UPGRADING to ring of Kafuli {rN+ rCorr}.
  1325 | D:2      | 1325 ||| READING scroll labelled ATAFUS TOBIGASH.
  1325 | D:2      | 1325 ||| BRANDING +1 shortbow.
  1326 | D:2      | 1326 ||| READING scroll labelled FIEDEA MIPSIGA.
  1327 | D:2      | 1327 ||| READING scroll labelled XITIFO JOSKURGH.
  1444 | D:3      | 1444 ||| STAIRDANCE
  1486 | D:3      | Noticed Grinder
  1496 | D:3      | Paralysed by Grinder for 4 turns
  1501 | D:3      | HP: 4/22 [Grinder/puff of flame (5)]
  1502 | D:3      | Killed Grinder
  1503 | D:3      | Reached skill level 3 in Fighting
  1503 | D:3      | Reached XP level 5. HP: 6/29 MP: 6/6
  1503 | D:3      | Reached XP level 6. HP: 7/33 MP: 7/7
  1665 | D:3      | 1665 ||| FLEEEEING.
  1669 | D:3      | 1669 ||| FLEEEEING.
  1670 | D:3      | 1670 ||| FLEEEEING.
  1671 | D:3      | 1671 ||| FLEEEEING.
  1732 | D:3      | Noticed Natasha
  1734 | D:3      | Killed Natasha
  1818 | D:3      | Noticed Robin
  1827 | D:3      | Killed Robin
  2016 | D:3      | Found a blossoming altar of Fedhas.
  2164 | D:3      | Noticed Sigmund
  2172 | D:3      | Killed Sigmund
  2173 | D:3      | Reached skill level 6 in Ranged Weapons
  2173 | D:3      | Reached XP level 7. HP: 37/37 MP: 8/8
  2176 | D:3      | Noticed Natasha
  2185 | D:3      | Killed Natasha
  2223 | D:3      | 2223 ||| FLEEEEING.
  2341 | D:3      | 2341 ||| READING scroll labelled WUAM DEYTOR.
  2342 | D:3      | 2342 ||| READING scroll labelled UQUIQE YTSO.
  2343 | D:3      | 2343 ||| READING scroll labelled OWKAXAU OFUOCK.
  2343 | D:3      | 2343 ||| IDENTIFYING murky purple potion
  2344 | D:3      | 2344 ||| READING scroll labelled FUZONL ZUUNLI.
  2344 | D:3      | 2344 ||| ENCHANTING +1 shortbow of freezing.
  2345 | D:3      | 2345 ||| DRINKING 2 fizzy purple potions.
  2346 | D:3      | 2346 ||| DROPPING potion of attraction.
  2529 | D:4      | Reached skill level 6 in Dodging
  2529 | D:4      | Noticed Ijyb
  2538 | D:4      | Killed Ijyb
  2624 | D:4      | Noticed Eustachio
  2628 | D:4      | 2628 ||| RETREEEEATING.
  2630 | D:4      | 2630 ||| RETREEEEATING.
  2632 | D:4      | 2632 ||| RETREEEEATING.
  2634 | D:4      | 2634 ||| RETREEEEATING.
  2643 | D:4      | Killed Eustachio
  2644 | D:4      | Reached skill level 7 in Ranged Weapons
  2864 | D:4      | Found a white marble altar of Elyvilon.
  2911 | D:4      | Reached XP level 8. HP: 12/42 MP: 9/9
  2921 | D:4      | Reached skill level 8 in Ranged Weapons
  3351 | D:4      | 3351 ||| READING scroll of identify.
  3351 | D:4      | 3351 ||| IDENTIFYING sedimented green potion
  3352 | D:4      | 3352 ||| READING scroll labelled ASTRAT ORPHOMUSK.
  3353 | D:4      | 3353 ||| READING 2 scrolls labelled SER ATZUKLAPN.
  3357 | D:4      | 3357 ||| READING scroll labelled LIRHOH GIUROCUNWU.
  3358 | D:4      | 3358 ||| READING scroll labelled KOX TEONTUOJ.
  3459 | D:4      | 3459 ||| DRINKING 2 amethyst potions.
  3484 | D:5      | Entered Level 5 of the Dungeon
  3533 | D:5      | HP: 9/42 [gnoll/+0 spear[a gnoll sergeant] (3)]
  3534 | D:5      | 3534 ||| READING scroll of teleportation.
  3534 | D:5      | HP: 2/42 [gnoll/+0 spear[a gnoll sergeant] (8)]
  3534 | D:5      | Mangled by a gnoll sergeant

Levels and vault maps discovered:
D:1:      scummos_arrival_gate, layout_basic
D:2:      layout_basic, basic_altar, basic_ecumenical_altar,
          uniq_crazy_yiuf_cottage, uniq_terence
D:3:      layout_loops_ring, mainiacjoe_overflow_alcove_2,
          corexii_hall_statues_deadend, uniq_grinder, uniq_natasha, uniq_robin,
          uniq_sigmund
D:4:      layout_loops_corners, elyvilon_altar_1, uniq_ijyb, uniq_eustachio
D:5:      layout_basic, makhleb_heckhound_becter, serial_shops,
          nicolae_shop_hallway_plus, uniq_menkaure

Skill      XL: |  1  2  3  4  5  6  7  8 |
---------------+-------------------------+-----
Dodging        | 3 4 5 7 |  7.7
Ranged Weapons | 5 6 7 8 |  8.2
Fighting       | 3 |  3.7
Stealth        | |  1.5

Action                     |  1- 3 |  4- 6 |  7- 9 || total
---------------------------+-------+-------+-------++-------
   Fire: Shortbow          |    95 |   116 |   136 ||   347
    Use: Scroll            |     1 |     3 |    10 ||    14
         Potion            |       |       |     2 ||     2
 Armour: Robe              |    10 |    10 |    20 ||    40
  Dodge: Dodged            |    33 |    30 |    60 ||   123

Table legend:
 A = Non-vault XP
 B = Vault XP
 C = Vault XP percentage of total XP
 D = Non-vault monster count
 E = Vault monster count
 F = Vault count percentage of total count
                 A         B        C        D         E       F
            +---------+---------+-------+---------+---------+-------
      Total |     914 |     854 |  48.3 |     100 |      17 |  14.5
            +---------+---------+-------+---------+---------+-------
        D:1 |      42 |       0 |   0.0 |      24 |       0 |   0.0
        D:2 |      58 |      36 |  38.3 |      25 |       1 |   3.8
        D:3 |     200 |     585 |  74.5 |      22 |      14 |  38.9
        D:4 |     566 |     233 |  29.2 |      24 |       2 |   7.7
        D:5 |      48 |       0 |   0.0 |       5 |       0 |   0.0
            +---------+---------+-------+---------+---------+-------
